 Dungeon Crawl Stone Soup version 0.31-a0-538-gbc85326fa9 (webtiles) character file.

Game seed: 8105024725894116035

1622 arthad the Covered (level 8, 0/52 HPs)
             Began as a Gargoyle Fighter on Aug 13, 2023.
             Slain by a wight
             ... wielding a +7 great sword
              (7 damage)
             ... on level 6 of the Dungeon.
             The game lasted 00:07:27 (4096 turns).

arthad the Covered (Gargoyle Fighter)               Turns: 4096, Time: 00:07:28

Health: 0/52       AC: 14    Str: 21    XL:     8   Next: 96%
Magic:  8/8        EV: 11    Int: 10    God:
Gold:   221        SH:  0    Dex: 15    Spells: 7/7 levels left

rFire   + . .        d - +12 glaive of Prune {freeze, Prune}
rCold   + . .        (shield currently unavailable)
rNeg    + . .        b - +0 scale mail
rPois   ∞            (no helmet)
rElec   +            x - +0 cloak
rCorr   +            (no gloves)
SInv    .            (no boots)
Will    +....        (no amulet) Stlth
                     f - ring of willpower
HPRegen 0.28/turn    i - +6 ring of dexterity
MPRegen 0.11/turn

%: no passive effects
@: resistant
A: sickness immunity, AC +5, negative energy resistance 1, electricity
resistance, torment resistance 1, petrification resistance
a: no special abilities


You were on level 6 of the Dungeon.
You visited 1 branch of the dungeon, and saw 6 of its levels.

You collected 221 gold pieces.

Inventory:

Hand Weapons
 a - a +0 flail
 d - the +12 glaive of Prune (weapon) {freeze, Prune}
   (You found it on level 3 of the Dungeon)

   Prune:     It halves damage taken while paralysed, petrified or unconscious.
Missiles
 n - 3 atropa-tipped darts (quivered)
 q - 6 poisoned darts
Armour
 b - a +0 scale mail (worn)
 c - a +0 buckler
 x - a +0 cloak (worn)
Jewellery
 f - a ring of willpower (left hand)
 i - a +6 ring of dexterity (right hand)
 m - a ring of positive energy
 u - an amulet of faith
Scrolls
 e - 8 scrolls of identify {unknown}
 g - a scroll of silence {unknown}
 h - 2 scrolls of enchant weapon {unknown}
 j - 2 scrolls of revelation {unknown}
 k - a scroll of enchant armour {unknown}
 l - 2 scrolls of fear {unknown}
 p - a scroll of summoning {unknown}
 t - a scroll of teleportation {unknown}
Potions
 o - a potion of haste {unknown}
 r - a potion of enlightenment {unknown}
 s - a potion of curing {unknown}
 v - a potion of mutation {unknown}
 w - a potion of might
 z - a potion of lignification {unknown}
 A - a potion of resistance


   Skills:
 * Level 6.9 Fighting
 - Level 3.2 Maces & Flails
 * Level 4.1 Polearms
 + Level 2.5 Throwing
 * Level 6.9 Armour
 + Level 2.4 Dodging
 - Level 4.4 Shields


You had 7 spell levels left.
You didn't know any spells.
Your spell library contained the following spells:

 Spells                   Type           Power      Damage    Failure   Level
 Magic Dart               Conj           0%         1d3       67%         1
 Slow                     Hex            0%         N/A       67%         1
 Call Imp                 Summ           0%         N/A       80%         2
 Ensorcelled Hibernation  Hex/Ice        0%         N/A       80%         2
 Passwall                 Tmut/Erth      0%         N/A       80%         2
 Poisonous Vapours        Pois/Air       0%         N/A       80%         2
 Confusing Touch          Hex            0%         N/A       95%         3
 Mephitic Cloud           Conj/Pois/Air  0%         N/A       95%         3
 Swiftness                Air            0%         N/A       95%         3
 Vampiric Draining        Necr           0%         2d6       95%         3
 Freezing Cloud           Conj/Ice/Air   0%         6-21      100%        5


Dungeon Overview and Level Annotations

Branches:
Dungeon (6/15)
 Temple: D:4-7

Altars:
Xom

Shops:
D:5 (

Annotations:
D:6 1 transporter, Findleman's ghost, novice DsFi


Innate Abilities, Weirdness & Mutations

You are immune to sickness and miasma.
Your stone body is resilient. (AC +5)
You are immune to poison.
You resist negative energy. (rN+)
You are resistant to electric shocks. (rElec)
You are resistant to unholy torment.
You are immune to petrification.


Message History

No target in view!
No target in view!
No target in view!
No target in view!
No target in view!
No target in view!
No target in view!
No target in view!
You hear the slow rusting of a very distant drain.
Things that are here:
a +3 war axe; a +0 robe
Things that are here:
a +0 scimitar; a +0 robe A wight comes into view.
It is wielding a +2 falchion.
You reach to attack!
You slash the wight!
The wight is almost destroyed.
A wight comes into view. It is wielding a +7 great sword.
You barely miss the wight.
The wight is almost destroyed.
The wight hits you with a +2 falchion. x2
You closely miss the wight.
The wight is almost destroyed.
The wight hits you but does no damage. The wight hits you with a +2 falchion!
You slice the wight!!
You destroy the wight!
The wight hits you but does no damage. The wight completely misses you.
You closely miss the wight.
The wight hits you with a +7 great sword!
You barely miss the wight.
The wight hits you with a +7 great sword!
The wight completely misses you.
You are too injured to fight recklessly!
You are too injured to fight recklessly!
You closely miss the wight.
The wight hits you with a +7 great sword!
* * * LOW HITPOINT WARNING * * *
It was a potion of resistance.
You feel protected.
The wight hits you with a +7 great sword!
You die...

......#.#.#).....
#..W##.#<)).....
...#....#.#####
#####.#### #
#©####.....# #
........#######.#
#..##.#..)......#
##.......)...#..#
.........@.....#
..........)z....#
.####.####.#....#
... ..#....# ###.
### ...# ...# ###


You could see a wight.

Vanquished Creatures
  Sigmund (D:5)
  Eustachio (D:4)
  Edmund (D:4)
  A water moccasin (D:3)
  An ice beast (D:5)
  An ogre (D:4)
  A phantom (D:5)
  3 scorpions (D:5)
  3 wights (D:6)
  A hound (D:5)
  A sleepcap (D:4)
  Natasha (thrice) (D:4)
  An iguana (D:5)
  4 orc wizards
  4 gnolls (D:6)
  11 adders
  2 dart slugs
  14 orcs
  7 endoplasms
  6 giant cockroaches
  5 goblins
  11 hobgoblins
  6 jackals
  9 kobolds
  4 quokkas
  A ball python (D:4)
  4 bats
  A frilled lizard (D:2)
  8 rats
116 creatures vanquished.

Notes
Turn   | Place    | Note
-------+----------+-------------------------------------------
     0 | D:1      | arthad the Gargoyle Fighter began the quest for the Orb.
     0 | D:1      | Reached XP level 1. HP: 14/14 MP: 1/1
   297 | D:1      | Reached XP level 2. HP: 19/19 MP: 2/2
   297 | D:1      | Found a faded altar of an unknown god.
  1015 | D:2      | Reached XP level 3. HP: 24/24 MP: 3/3
  1260 | D:2      | Reached XP level 4. HP: 29/29 MP: 4/4
  1725 | D:3      | Found the +12 glaive of Prune {freeze, Prune}
  1728 | D:3      | Noticed a water moccasin
  1758 | D:3      | Killed a water moccasin
  1759 | D:3      | Reached XP level 5. HP: 17/34 MP: 5/5
  2030 | D:3      | Found a shimmering altar of Xom.
  2109 | D:3      | Reached XP level 6. HP: 31/39 MP: 6/6
  2459 | D:3      | Reached skill level 1 in Polearms
  2544 | D:4      | Reached skill level 5 in Fighting
  2544 | D:4      | Reached skill level 5 in Armour
  2704 | D:4      | Noticed Natasha
  2711 | D:4      | Killed Natasha
  2712 | D:4      | Reached skill level 1 in Dodging
  2770 | D:4      | Reached XP level 7. HP: 44/44 MP: 7/7
  2986 | D:4      | Noticed Natasha
  2989 | D:4      | Killed Natasha
  2990 | D:4      | Noticed Eustachio
  2994 | D:4      | Killed Eustachio
  2995 | D:4      | Reached skill level 1 in Throwing
  3028 | D:4      | Noticed Edmund
  3031 | D:4      | Killed Edmund
  3250 | D:4      | Noticed Natasha
  3258 | D:4      | Killed Natasha
  3351 | D:5      | Entered Level 5 of the Dungeon
  3353 | D:5      | Reached XP level 8. HP: 51/51 MP: 8/8
  3391 | D:5      | Noticed Sigmund
  3395 | D:5      | Killed Sigmund
  3447 | D:5      | Found Achaycs's Antique Weapon Shoppe.
  4066 | D:6      | Noticed Findleman's ghost (novice DsFi)
  4067 | D:6      | Found a transporter.
  4096 | D:6      | Slain by a wight

Illustrated notes

Levels and vault maps discovered:
D:1:      dpeg_arrival_signposts, layout_basic, chequers_ecumenical_altar_island
D:2:      layout_basic, nicolae_half_adder
D:3:      layout_basic, lemuel_doored_altar, hangedman_abyss_or_decor_stabs,
          minmay_misc_feat_pillars, minmay_checkerbox
D:4:      layout_basic, uniq_eustachio, uniq_natasha, uniq_edmund
D:5:      layout_loops_cross, serial_shops, nicolae_shop_tiny_real_fake_doors,
          uniq_sigmund
D:6:      layout_basic, nicolae_ashenzari_skybound, gammafunk_ghost_stat_death,
          gup_sewer_entry_pipe, serial_shops, nicolae_diamond_shop

Skill      XL: |  1  2  3  4  5  6  7  8 |
---------------+-------------------------+-----
Shields        | 4 |  4.4
Fighting       | 4 5 6 |  6.9
Armour         | 4 5 6 |  6.9
Maces & Flails | 3 |  3.2
Polearms       | 1 2 4 |  4.1
Dodging        | 1 2 |  2.4
Throwing       | 1 2 |  2.5

Action                     |  1- 3 |  4- 6 |  7- 9 || total
---------------------------+-------+-------+-------++-------
  Melee: Flail             |    79 |    50 |       ||   129
         Glaive            |       |    62 |    85 ||   147
  Throw: Dart              |       |     2 |     2 ||     4
    Use: Potion            |       |     3 |     1 ||     4
 Armour: Scale mail        |    35 |    62 |    29 ||   126
  Dodge: Dodged            |    45 |    47 |    44 ||   136
  Block: Buckler           |    18 |     9 |       ||    27

Table legend: (Time is in decaauts)
 A = Elapsed time spent in this place.
 B = Non-inter-level travel time spent in this place.
 C = Inter-level travel time spent in this place.
 D = Time resting spent in this place.
 E = Time spent auto-exploring this place.
 F = Levels seen in this place.
 G = Mean time per level.
                   A        B        C        D        E       F      G
               +--------+--------+--------+--------+--------+-----+--------+
         Total |   4228 |   4115 |    113 |      0 |   3370 |   6 |  704.7 |
       Dungeon |   4228 |   4115 |    113 |      0 |   3370 |   6 |  704.7 |
               +--------+--------+--------+--------+--------+-----+--------+

Top non-repeatable levels by time:
     D:1: 1008 daAuts
     D:3: 872 daAuts
     D:4: 850 daAuts
     D:2: 730 daAuts
     D:5: 650 daAuts
     D:6: 116 daAuts
